 Dungeon Crawl Stone Soup version 0.25-a0-424-g80bd347ae0 (webtiles) character file.

Game seed: 3240009280829191595, levelgen mode: deterministic

3337 Aurore the Covered (level 9, -8/103 HPs)
             Began as a Demonspawn Abyssal Knight on Jan 11, 2020.
             Was a High Priest of Lugonu.
             Mangled by an orc warrior
             ... wielding a +0 hand axe
              (11 damage)
             ... on level 8 of the Dungeon on Jan 21, 2020.
             The game lasted 01:33:01 (9224 turns).

Aurore the Covered (Demonspawn Abyssal Knight)      Turns: 9224, Time: 01:33:02

Health: -8/103     AC: 24    Str: 15    XL:     9   Next: 72%
Magic:  0/10       EV:  2    Int: 14    God:    Lugonu [*****.]
Gold:   484        SH:  0    Dex: 13    Spells: 3/8 levels left

rFire    . . .     SeeInvis +   b - +8 whip "Snakebite" {curare, rPois}
rCold    . . .     Gourm    .   (no shield)
rNeg     + + +     Faith    .   (armour currently unavailable)
rPois    +         Spirit   +   (helmet currently unavailable)
rElec    .         Reflect  .   (cloak currently unavailable)
rCorr    .         Harm     .   (gloves currently unavailable)
MR       .....     NoTele   +   (boots unavailable)
Stlth    +++.......             (no amulet)
HPRegen  0.27/turn              q - ring of stealth
MPRegen  0.12/turn              v - ring of see invisible

@: tree-form
A: magic shield
a: Depart the Abyss, Bend Space, Banish, Corrupt, Enter the Abyss, Renounce
Religion


You were on level 8 of the Dungeon.
You worshipped Lugonu.
Lugonu was extremely pleased with you.
You were hungry.
You were a tree.
You visited 2 branches of the dungeon, and saw 10 of its levels.
You visited the Abyss 1 time.
You also visited: Ossuary.

You collected 508 gold pieces.
You spent 24 gold pieces at shops.

Inventory:

Hand Weapons
 a - a +2 falchion
 b - the +8 whip "Snakebite" (weapon) {curare, rPois}
   (You found it on level 7 of the Dungeon)

   It poisons the flesh of those it strikes.
   It protects you from poison.
 d - a +0 trident
 i - a +0 trident of pain
 j - a +0 whip
 l - a +0 scimitar
 m - a +0 falchion
 n - a +0 hunting sling
 s - a +0 mace
 z - the +9 mace of Gluttony {flame, rN+ Str+2}
   (You found it on level 5 of the Dungeon)

   It has been specially enchanted to burn those struck by it, causing extra
   injury to most foes and up to half again as much damage against particularly
   susceptible opponents.
   It affects your strength (+2).
   It protects you from negative energy.
 G - a +0 flail
 P - a +0 hand axe
Missiles
 h - 5 datura-tipped darts (quivered)
 o - 5 curare-tipped darts
 A - 18 poisoned darts
 B - 56 arrows
 H - 5 javelins
Armour
 g - a +0 pair of boots
 k - a +2 plate armour (melded)
 p - a +0 scale mail
 t - a +0 robe
 D - a +0 robe
Jewellery
 q - a ring of stealth (left branch)
 v - a ring of see invisible (right branch)
Scrolls
 f - a scroll of identify
 r - 5 scrolls of remove curse
 y - a scroll of brand weapon {unknown}
 F - 3 scrolls of teleportation
 I - 3 scrolls of noise
 N - a scroll of magic mapping {unknown}
Potions
 e - a potion of cancellation {unknown}
 u - 5 potions of curing {unknown}
 w - 4 potions of might
 x - a potion of magic {unknown}
 C - a potion of flight
 E - 2 potions of invisibility
 J - a potion of resistance
 K - 3 potions of brilliance {unknown}
 M - a potion of ambrosia
Comestibles
 c - 14 rations


   Skills:
 + Level 5.7 Fighting
 + Level 7.0 Long Blades
 + Level 5.3 Maces & Flails
 + Level 7.9 Armour
 + Level 1.7 Dodging
 + Level 1.1 Stealth
 + Level 2.5 Invocations


You had 3 spell levels left.
You knew the following spells:

 Your Spells              Type           Power        Failure   Level  Hunger
a - Magic Dart            Conj           #...         28%         1    ##.....
b - Blink                 Tloc           N/A          41%         2    ###....
c - Slow                  Hex            #.......     41%         2    ###....

Your spell library contained the following spells:

 Spells                   Type           Power        Failure   Level  Hunger
 Apportation              Tloc           #.....       28%         1    ##.....
 Sting                    Tmut/Pois      #...         28%         1    ##.....
 Call Imp                 Summ           #.......     41%         2    ###....
 Poisonous Vapours        Pois/Air       #.....       41%         2    ###....
 Conjure Flame            Conj/Fire      #.......     65%         3    ####...
 Gell's Gravitas          Tloc           #.........   65%         3    ####...
 Ignite Poison            Fire/Tmut/Pois #.......     65%         3    ####...
 Mephitic Cloud           Conj/Pois/Air  #.......     65%         3    ####...
 Olgreb's Toxic Radiance  Pois           #.......     96%         4    #####..
 Passage of Golubria      Tloc           N/A          96%         4    #####..
 Summon Forest            Summ/Tloc      #.........   100%        5    ######.
 Malign Gateway           Summ/Tloc      #.........   100%        7    #######


Dungeon Overview and Level Annotations

Branches:
Dungeon (9/15)             Temple (1/1) D:4         Ossuary (visited)
   Lair: D:8-11         Orc: D:9-12

Altars:
Ashenzari
Cheibriados
Dithmenos
Elyvilon
Fedhas
Gozag
Hepliaklqana
Kikubaaqudgha
Nemelex Xobeh
Okawaru
Qazlal
Ru
Sif Muna
Trog
Uskayaw
Vehumet
Wu Jian
Yredelemnul
Zin
The Shining One

Shops:
D:7 *


Innate Abilities, Weirdness & Mutations

((You have claws for feet.))
((You are partially covered in sharp spines.))
When hurt, damage is shared between your health and your magic reserves.
((When seriously injured, your bleeding wounds create armour. (AC +0)))


Message History

* * * LOW HITPOINT WARNING * * *
The wyvern is struck by your spines. The wyvern bites you.
* * * LOW HITPOINT WARNING * * *
The sky beast is struck by your spines.
The sky beast hits you but does no damage.
The orc barely misses you.
The orc warrior hits you with a +0 hand axe!
* * * LOW HITPOINT WARNING * * *
You climb upwards.
There is a stone staircase leading down here.
It was a potion of lignification.
You turn into a tree.
Your +2 plate armour melds into your body.
Your roots penetrate the ground.
Your blood armour dries and flakes away.
The wyvern bites you but does no damage.
The orc priest hits you but does no damage.
The sky beast hits you but does no damage.
The orc hits you but does no damage.
The orc warrior hits you with a +0 hand axe!
You die...

##.......## #.......>.#
#.........#
#.........##########
#.......).........<#
#..................#
#######.......#.........#
...............lo.......#
######..........♣o......#
. ###..........oY......#
#.##....................#
.....#..................#
#..#..........###########
#.#.##......##
##..<##..##..# .........
##.# )$..#..#. #.#####


You could see an orc warrior, a wyvern, a sky beast, an orc priest and an orc.

Vanquished Creatures
  Joseph (D:7)
  Duvessa (D:7)
  An ice beast (D:7)
  A phantom (D:4)
  A necrophage (D:8)
  5 ogres
  A sky beast (D:7)
  A centaur (D:8)
  A big kobold (D:4)
  3 bullfrogs
  A gnoll sergeant (D:7)
  2 water moccasin zombies (Ossuary)
  2 scorpions (D:7)
  Dowan (D:7)
  5 wights (D:7)
  A howler monkey (D:7)
  4 crimson imps
  3 hounds
  7 orc priests
  2 bullfrog skeletons
  5 orc wizards
  A centaur skeleton (D:7)
  Natasha (twice) (D:4)
  4 worker ants
  3 big kobold zombies (Ossuary)
  A hound skeleton (D:7)
  2 mummies (Ossuary)
  2 worker ant zombies
  4 gnolls (D:7)
  8 adders
  A river rat (D:3)
  3 shadow imps
  6 adder zombies
  3 worms
  3 dart slugs
  8 leopard geckos
  30 orcs
  9 bats
  3 giant cockroaches (D:3)
  3 gnoll zombies (Ossuary)
  2 goblins
  3 hobgoblins
  3 jackals (D:1)
  2 quokkas (D:3)
  3 ball pythons
  5 frilled lizards
  2 hobgoblin zombies (Ossuary)
  A jackal skeleton (D:4)
  15 kobolds
  3 kobold zombies (Ossuary)
  3 orc zombies (Ossuary)
  9 rats
  A spectral orc (D:6)
  2 plants
199 creatures vanquished.

Notes
Turn   | Place    | Note
-------+----------+-------------------------------------------
     0 | Abyss:1  | Aurore the Demonspawn Abyssal Knight began the quest for
                  | the Orb.
     0 | Abyss:1  | Reached XP level 1. HP: 18/18 MP: 2/2
    67 | D:1      | Escaped the Abyss
   345 | D:1      | Gained mutation: When hurt, damage is shared between your
                  | health and your magic reserves. [demonic ancestry]
   345 | D:1      | Reached XP level 2. HP: 22/24 MP: 3/3
   514 | D:1      | Reached ** piety under Lugonu
   775 | D:2      | Gained mutation: You have sharp toenails. [demonic
                  | ancestry]
   775 | D:2      | Reached XP level 3. HP: 27/29 MP: 4/4
  1823 | D:3      | Gained mutation: You have razor-sharp toenails. [demonic
                  | ancestry]
  1823 | D:3      | Reached XP level 4. HP: 14/36 MP: 5/5
  1863 | D:3      | HP: 1/36 [poisoned by an adder]
  2315 | D:3      | HP: 1/37 [orc priest/+0 club (1)]
  2678 | D:3      | Gained mutation: When seriously injured, your bleeding
                  | wounds create armour. (AC +0) [demonic ancestry]
  2678 | D:3      | Reached XP level 5. HP: 23/42 MP: 3/6
  2686 | D:3      | Reached *** piety under Lugonu
  3065 | D:3      | Reached skill level 1 in Dodging
  3398 | D:4      | Noticed a phantom
  3668 | D:3      | Paralysed by fainting for 8 turns
  4132 | D:3      | Gained mutation: You are partially covered in sharp spines.
                  | [demonic ancestry]
  4132 | D:3      | Reached XP level 6. HP: 26/48 MP: 4/7
  4454 | D:4      | Noticed Natasha
  4462 | D:4      | Killed Natasha
  4466 | D:4      | Found a staircase to the Ecumenical Temple.
  4480 | Temple   | Entered the Ecumenical Temple
  4790 | D:4      | Noticed Natasha
  4858 | D:4      | Killed Natasha
  4858 | D:4      | Reached XP level 7. HP: 19/54 MP: 2/8
  5282 | D:4      | Reached skill level 1 in Stealth
  5340 | D:4      | Upgraded the game from 0.25-a0-404-gc1b5a34292 to
                  | 0.25-a0-424-g80bd347ae0
  5365 | D:5      | Entered Level 5 of the Dungeon
  5410 | D:5      | Reached skill level 5 in Long Blades
  5439 | D:5      | Got a jewelled mace
  5523 | D:5      | Found a white marble altar of Elyvilon.
  5644 | D:5      | Reached skill level 5 in Armour
  5770 | D:5      | Found a sand-covered staircase.
  5795 | Ossuary  | Entered an ossuary
  5931 | Ossuary  | Reached **** piety under Lugonu
  5940 | Ossuary  | Gained mutation: You have claws for feet. [demonic
                  | ancestry]
  5940 | Ossuary  | Reached XP level 8. HP: 54/61 MP: 7/9
  6000 | Ossuary  | Identified the +9 mace of Gluttony {flame, rN+ Str+2} (You
                  | found it on level 5 of the Dungeon)
  6025 | D:5      | Learned a level 1 spell: Magic Dart
  6028 | D:5      | Learned a level 2 spell: Blink
  6031 | D:5      | Learned a level 2 spell: Slow
  6300 | D:5      | You fall into a shaft and drop 3 floors!
  6329 | D:8      | Reached skill level 5 in Fighting
  6336 | D:8      | Reached skill level 1 in Maces & Flails
  6738 | D:7      | Found a hazy altar of Hepliaklqana.
  6797 | D:7      | Noticed Dowan
  6801 | D:7      | Killed Dowan
  6803 | D:7      | Noticed Duvessa
  6809 | D:7      | Killed Duvessa
  7247 | D:7      | Found Fenwack's General Store.
  7263 | D:7      | Bought a scroll of identify for 24 gold pieces
  7280 | D:7      | Reached XP level 9. HP: 44/68 MP: 6/10
  7313 | D:7      | Reached ***** piety under Lugonu
  7349 | D:7      | Identified the +8 dagger "Vuatih Dia" {holy, Str+2}
  7627 | D:7      | Identified the Almanac of Translocation
  7888 | D:7      | Found the +8 whip "Snakebite" {curare, rPois}
  7909 | D:7      | Noticed Joseph
  7936 | D:7      | Killed Joseph
  7936 | D:7      | Reached skill level 5 in Maces & Flails
  8334 | D:7      | Found a sacrificial altar of Ru.
  8811 | D:6      | Found a basalt altar of Yredelemnul.
  9102 | D:6      | Found an ornate altar of the Wu Jian Council.
  9222 | D:9      | HP: 1/69 [orc warrior/+0 hand axe (8)]
  9224 | D:8      | Mangled by an orc warrior

Levels and vault maps discovered:
D:1:      lightli_arrival_farm, layout_loops_ring, minmay_misc_feat_columns
D:2:      lemuel_upstairs_altar, layout_basic, serial_forest,
          infiniplex_forest_end_2, infiniplex_forest_lined_2,
          infiniplex_forest_end_1, infiniplex_forest_clump_double,
          infiniplex_forest_end_2, infiniplex_forest_straight_1,
          infiniplex_forest_clump_long, infiniplex_forest_lined_corner,
          infiniplex_forest_end_3, grunt_ministairs_13
D:3:      layout_rooms, portal_sewer_entry_b
D:4:      layout_basic, minmay_temple_entry_statues_fountains,
          lexackson_kobold_supper, uniq_natasha
D:5:      layout_gridville, elyvilon_altar_1, nicolae_ossuary_entry_plus,
          first_ration, minmay_a_box_with_orc_wizards_in_it
D:6:      layout_rooms, yredelemnul_forgotten_temple_becter, marbit_many_paths
D:7:      layout_basic, lemuel_crystal_altar, old_standard_altar, serial_shops,
          nicolae_shop_crystal, mrwooster_statue_mirror, grunt_ogre_cave,
          minmay_starry_boxes, uniq_joseph, uniq_duvessa
D:8:      layout_rooms, interstate_on_off
D:9:      layout_long_grid, tgw_xom, makhleb_blood_cavern_becter, special_room
          [special_room_orc]
Temple:   regret_index_temple_waves

Skill      XL: |  1  2  3  4  5  6  7  8  9 |
---------------+----------------------------+-----
Armour         | 2 3 4 5 6 7 |  7.9
Long Blades    | 2 3 4 5 6 7 |  7.0
Dodging        | 1 |  1.7
Fighting       | 4 5 |  5.7
Stealth        | 1 |  1.1
Maces & Flails | 3 5 |  5.3
Invocations    | |  2.5

Action                   |  1- 3 |  4- 6 |  7- 9 || total
-------------------------+-------+-------+-------++-------
Melee: Falchion          |   197 |   280 |   205 ||   682
       Mace              |       |       |   120 ||   120
       Kick              |       |       |    49 ||    49
       Whip              |       |       |    46 ||    46
Invok: Bend Space        |       |     1 |       ||     1
  Use: Scroll            |     5 |     5 |    11 ||    21
       Potion            |     1 |     6 |     2 ||     9
  Eat: Ration            |     1 |     3 |     4 ||     8
Armor: Scale mail        |     6 |       |       ||     6
       Leather armour    |     2 |       |       ||     2
       Plate armour      |    97 |   260 |   240 ||   597
       Skin              |       |     2 |     6 ||     8
Dodge: Dodged            |    48 |    38 |    77 ||   163
       Rpst.: Falchion   |    16 |    12 |    11 ||    39

Table legend:
 A = Non-vault XP
 B = Vault XP
 C = Vault XP percentage of total XP
 D = Non-vault monster count
 E = Vault monster count
 F = Vault count percentage of total count
                 A         B        C        D         E       F
            +---------+---------+-------+---------+---------+-------
      Total |    3356 |    1412 |  29.6 |     152 |      45 |  22.8
            +---------+---------+-------+---------+---------+-------
        D:1 |      39 |       0 |   0.0 |      21 |       0 |   0.0
        D:2 |      33 |       3 |   8.3 |      12 |       2 |  14.3
        D:3 |     249 |      18 |   6.7 |      34 |       5 |  12.8
        D:4 |     403 |     143 |  26.2 |      16 |       6 |  27.3
        D:5 |     272 |      35 |  11.4 |      10 |       1 |   9.1
        D:6 |     361 |       3 |   0.8 |      12 |       2 |  14.3
        D:7 |    1336 |     898 |  40.2 |      35 |       6 |  14.6
        D:8 |     660 |       0 |   0.0 |      11 |       0 |   0.0
        D:9 |       3 |       0 |   0.0 |       1 |       0 |   0.0
    Ossuary |       0 |     312 | 100.0 |       0 |      23 | 100.0
            +---------+---------+-------+---------+---------+-------
